 Dungeon Crawl Stone Soup version 0.32-a0-732-ga344392067 (webtiles) character file.

Game seed: 13699896695352084411

1590098 Hans the Impregnable (level 27, 54/233 HPs)
             Began as a Barachi Fighter on Mar 14, 2024.
             Was the Champion of Cheibriados.
             Escaped with the Orb
             ... and 3 runes on Mar 16, 2024!
             The game lasted 08:26:46 (81320 turns).

Hans the Impregnable (Barachi Fighter)             Turns: 81320, Time: 08:26:46

Health: 54/233     AC: 16    Str: 52    XL:     27
Magic:  27/48      EV: 32    Int: 27    God:    Cheibriados [******]
Gold:   6975       SH: 44    Dex: 22    Spells: 2/50 levels left

rFire   + + .        u - +2 broad axe (heavy)
rCold   + + +        b - +18 shield of the Gong {Loud rN+ Will+ rCorr EV-5}
rNeg    + + .        (no body armour)
rPois   +            r - +2 hat "Zaroipp" {rF+ rC++}
rElec   .            y - +2 cloak {rPois}
rCorr   +            m - +1 pair of gloves "Itataw" {rF++ Int+2 Dex-2}
SInv    .            A - +3 pair of mountain boots {steadfast, rC+}
Will    +++..        K - amulet of reflection
Stlth   ++           e - ring of the Hare {EV+10}
HPRegen 1.38/turn    v - ring of Oghauq Fylekh {rN+ MP+9 Str+6 Dex+2 Slay+5}
MPRegen 0.31/turn

%: reflection
@: very slow
A: amphibious, slowness 1, strong legs 2, +LOS, iridescent scales 1, large bone
plates 1, clumsy 2, regeneration 1, screaming 1, heat vulnerability 1, subdued
magic 1, inability to read after injury 1, noise suppression
0: Orb of Zot
}: 3/15 runes: barnacled, slimy, gossamer
a: Hop, Renounce Religion, Bend Time, Temporal Distortion, Slouch, Step From
Time


You escaped.
You worshipped Cheibriados.
Cheibriados was exalted by your worship.
You visited 12 branches of the dungeon, and saw 55 of its levels.
You also visited: Sewer, Gauntlet and Wizlab.

You collected 9656 gold pieces.
You spent 2681 gold pieces at shops.

Inventory:

Hand Weapons
 q - a +9 hand cannon of draining
 u - a +2 heavy broad axe (weapon)
 w - the +1 broad axe of Conservatism {protect, rF++ Str+6 Int-4}
   (You found it on level 1 of the Spider Nest)

   Str+6:     It affects your strength (+6).
   Int-4:     It affects your intelligence (-4).
   rF++:      It greatly protects you from fire.
 x - the +3 war axe of Bequ {vamp, Str+3 Int-4 Stlth+}
   (You bought it in a shop on level 1 of the Vaults)

   Str+3:     It affects your strength (+3).
   Int-4:     It affects your intelligence (-4).
   Stlth+:    It makes you more stealthy.
Missiles
 c - 52 boomerangs (quivered)
 n - 13 javelins
 o - 2 silver javelins
 p - 71 poisoned darts
 t - 5 darts of dispersal
 E - 6 throwing nets
 U - 3 curare-tipped darts
Armour
 b - the +18 shield of the Gong (worn) {Loud rN+ Will+ rCorr EV-5}
   (You found it on level 3 of the Vaults)

   Loud:      It is deafeningly noisy when blocking attacks.
   EV-5:      It affects your evasion (-5).
   rN+:       It protects you from negative energy.
   Will+:     It increases your willpower.
   rCorr:     It protects you from acid and corrosion.
 g - +1 storm dragon scales
 m - the +1 pair of gloves "Itataw" (worn) {rF++ Int+2 Dex-2}
   (You acquired it on level 3 of the Shoals)

   Int+2:     It affects your intelligence (+2).
   Dex-2:     It affects your dexterity (-2).
   rF++:      It greatly protects you from fire.
 r - the +2 hat "Zaroipp" (worn) {rF+ rC++}
   (You found it in a Gauntlet)

   rF+:       It protects you from fire.
   rC++:      It greatly protects you from cold.
 y - a +2 cloak of poison resistance (worn)
 A - the +3 pair of mountain boots (worn) {steadfast, rC+}
   (You acquired it on level 5 of the Lair of Beasts)

   Steadfast: It prevents involuntary movement, except for blinking,
   teleportation, or banishment.
   rC+:       It protects you from cold.
 G - a +0 tower shield
 T - the +10 plate armour of Indecent Exposure {+Inv rN+}
   (You found it on level 3 of the Depths)

   rN+:       It protects you from negative energy.
   +Inv:      It lets you turn invisible.
Jewellery
 e - the ring of the Hare (left hand) {EV+10}
   (You took it off a deep elf elementalist on level 3 of the Elven Halls)

   [ring of evasion]

   EV+10:     It affects your evasion (+10).
 s - a +6 ring of intelligence
 v - the ring of Oghauq Fylekh (right hand) {rN+ MP+9 Str+6 Dex+2 Slay+5}
   (You took it off a minotaur in a Gauntlet)

   [ring of strength]

   Str+6:     It affects your strength (+6).
   Dex+2:     It affects your dexterity (+2).
   Slay+5:    It affects your accuracy & damage with ranged weapons and melee
   (+5).
   rN+:       It protects you from negative energy.
   MP+9:      It affects your magic capacity (+9).
 K - an amulet of reflection (around neck)
 V - a ring of see invisible
Wands
 a - a wand of roots (83)
 C - a wand of charming (53)
 F - a wand of light (59)
 X - a wand of digging (23)
Scrolls
 f - 24 scrolls of teleportation
 j - 5 scrolls of butterflies
 l - 15 scrolls of blinking
 B - 8 scrolls of fear
 D - 11 scrolls of poison
 I - 15 scrolls of fog
 O - 7 scrolls of revelation
 Q - a scroll of silence
 S - a scroll of immolation
Potions
 d - 11 potions of might
 h - 17 potions of curing
 i - 4 potions of invisibility
 k - 9 potions of heal wounds
 H - 4 potions of lignification
 L - 2 potions of cancellation
 M - a potion of magic
 N - 7 potions of enlightenment
 P - 6 potions of brilliance
 R - 7 potions of ambrosia
 Y - 4 potions of resistance
Miscellaneous
 z - a box of beasts
 W - a lightning rod (4/4)
 Z - a tin of tremorstones (2/2)


   Skills:
 + Level 22.4 Fighting
 + Level 20.5 Axes
 - Level 13.0 Ranged Weapons
 - Level 15.0 Throwing
 + Level 25.5 Armour
 + Level 19.9 Dodging
 - Level 6.0 Stealth
 + Level 20.1 Shields
 + Level 12.1 Spellcasting
 + Level 12.5 Summonings
 + Level 14.0 Translocations
 - Level 1.0 Earth Magic
 - Level 16.1 Invocations
 - Level 9.2 Evocations


You had 2 spell levels left.
You knew the following spells:

 Your Spells              Type           Power      Damage    Failure   Level
a - Teleport Other        Tloc           63%        N/A       1%          3
b - Gell's Gravitas       Tloc           63%        N/A       1%          3
c - Animate Armour        Summ/Erth      80%        N/A       1%          4
d - Passage of Golubria   Tloc           63%        N/A       1%          4
e - Call Canine Familiar  Summ           59%        N/A       1%          3
f - Summon Forest         Summ/Tloc      30%        N/A       1%          5
g - Dispersal             Tloc           31%        N/A       1%          6
h - Summon Ice Beast      Ice/Summ       38%        N/A       1%          3
i - Martyr's Knell        Necr/Summ      38%        N/A       2%          4
j - Malign Gateway        Summ/Tloc      30%        N/A       12%         7
s - Lesser Beckoning      Tloc           100%       N/A       0%          2
z - Manifold Assault      Tloc           63%        N/A       1%          4

Your spell library contained the following spells:

 Spells                   Type           Power      Damage    Failure   Level
 Apportation              Tloc           100%       N/A       0%          1
 Summon Small Mammal      Summ           100%       N/A       0%          1
 Sandblast                Erth           32%        2d9       1%          1
 Freeze                   Ice            48%        1d6       2%          1
 Necrotise                Necr           48%        1d6       2%          1
 Slow                     Hex            48%        N/A       2%          1
 Sting                    Conj/Alch      48%        1d6       2%          1
 Cigotuvi's Dreadful Rot  Necr/Alch/Air  24%        N/A       4%          2
 Ensorcelled Hibernation  Hex/Ice        24%        N/A       4%          2
 Jinxbite                 Hex            24%        N/A       4%          2
 Mercury Vapours          Alch/Air       24%        N/A       4%          2
 Scorch                   Fire           24%        2d6       4%          2
 Static Discharge         Conj/Air       24%        3-4/arc   4%          2
 Summon Blazeheart Golem  Fire/Summ      38%        N/A       2%          4
 Summon Lightning Spire   Summ/Air       38%        N/A       2%          4
 Passwall                 Erth           16%        N/A       6%          3
 Summon Mana Viper        Hex/Summ       38%        N/A       7%          5
 Stone Arrow              Conj/Erth      28%        3d8       8%          3
 Confusing Touch          Hex            12%        N/A       10%         3
 Frozen Ramparts          Ice            24%        1d4       10%         3
 Fugue of the Fallen      Necr           12%        N/A       10%         3
 Hailstorm                Conj/Ice       12%        3d6       10%         3
 Inner Flame              Hex/Fire       12%        N/A       10%         3
 Ozocubu's Armour         Ice            12%        N/A       10%         3
 Sigil of Binding         Hex            12%        N/A       10%         3
 Swiftness                Air            12%        N/A       10%         3
 Tukima's Dance           Hex            12%        N/A       10%         3
 Vampiric Draining        Necr           12%        2d6       10%         3
 Monstrous Menagerie      Summ           29%        N/A       16%         7
 Summon Hydra             Summ           29%        N/A       16%         7
 Brom's Barrelling Bould  Conj/Erth      14%        2d4       26%         4
 Leda's Liquefaction      Alch/Erth      7%         N/A       26%         4
 Petrify                  Alch/Erth      14%        N/A       26%         4
 Airstrike                Air            6%         2d(1-17)  32%         4
 Anguish                  Hex/Necr       6%         N/A       32%         4
 Cause Fear               Hex            6%         N/A       32%         4
 Dispel Undead            Necr           12%        3d9       32%         4
 Flame Wave               Conj/Fire      12%        2d6       32%         4
 Ignite Poison            Fire/Alch      12%        N/A       32%         4
 Olgreb's Toxic Radiance  Alch           12%        N/A       32%         4
 Sticky Flame             Fire/Alch      12%        2d5       32%         4
 Lee's Rapid Deconstruct  Erth           8%         3d7*      52%         5
 Disjunction              Tloc           31%        N/A       56%         8
 Borgnjor's Vile Clutch   Necr/Erth      7%         N/A       61%         5
 Alistair's Intoxication  Alch           8%         N/A       67%         5
 Curse of Agony           Necr           12%        N/A       67%         5
 Fireball                 Conj/Fire      6%         3d5       67%         5
 Freezing Cloud           Conj/Ice/Air   6%         6-21      67%         5
 Irradiate                Conj/Alch      6%         3d13      67%         5
 Metabolic Englaciation   Hex/Ice        6%         N/A       67%         5
 Yara's Violent Unravell  Hex/Alch       6%         3d5       67%         5
 Summon Horrible Things   Summ           29%        N/A       80%         8
 Haunt                    Necr/Summ      19%        N/A       92%         7
 Spellforged Servitor     Conj/Summ      19%        N/A       92%         7
 Death Channel            Necr           6%         N/A       99%         6
 Eringya's Noxious Bog    Alch           6%         4d6       99%         6
 Permafrost Eruption      Ice/Erth       7%         2x4d3     99%         6
 Sculpt Simulacrum        Ice/Alch       6%         N/A       99%         6
 Enfeeble                 Hex            6%         N/A       100%        7
 Orb of Destruction       Conj           6%         9d6       100%        7
 Ozocubu's Refrigeration  Ice            6%         4d8       100%        7
 Borgnjor's Revivificati  Necr           6%         N/A       100%        8
 Discord                  Hex            6%         N/A       100%        8
 Ignition                 Fire           6%         3d4       100%        8
 Lehudib's Crystal Spear  Conj/Erth      7%         10d3      100%        8
 Death's Door             Necr           6%         N/A       100%        9


Dungeon Overview and Level Annotations

Branches:
Dungeon (15/15)            Temple (1/1) D:5            Lair (5/5) D:11
 Shoals (4/4) Lair:2       Spider (4/4) Lair:2        Slime (5/5) Lair:4
    Orc (2/2) D:12            Elf (3/3) Orc:2        Vaults (4/5) D:13
  Crypt (3/3) Vaults:2       Tomb (0/3) Crypt:3      Depths (4/4) D:15
    Zot (5/5) Depths:4      Sewer (visited)          WizLab (visited)
Gauntlet (visited)

Altars:
Ashenzari
Cheibriados
Dithmenos
Elyvilon
Fedhas
Gozag
Hepliaklqana
Kikubaaqudgha
Makhleb
Nemelex Xobeh
Okawaru
Qazlal
Ru
Sif Muna
Trog
Uskayaw
Vehumet
Wu Jian
Xom
Yredelemnul
Zin
The Shining One
Beogh
Jiyva
Lugonu

Shops:
D:6 (   D:8 *   Orc:1 *   Orc:2 [*(:   Elf:1 :=   Elf:2 =((*   Shoals:1 !
Vaults:1 (   Vaults:4 *   Depths:2 *   Depths:3 (

Portals:
Hell: Depths:1 Depths:2 Depths:3 Depths:4
Abyss: Depths:3 Depths:4
Pandemonium: Depths:2
Ziggurat: Depths:1

Annotations:
Spider:3 Nikola
Elf:2 Roxanne


Innate Abilities, Weirdness & Mutations

You are amphibious.
You cover ground slowly.
You can hop long distances.
You have an extended range of vision and can be seen from far away.
You are partially covered in iridescent scales. (AC +2)
You are partially covered in large bone plates. (SH +4)
You are very clumsy. (Dex -4)
Your natural rate of healing is unusually fast.
You occasionally shout uncontrollably at your foes.
You are vulnerable to heat. (rF-)
Your spells are a little easier to cast, but a little less powerful.
You occasionally lose the ability to read scrolls when taking damage.
You passively dampen the noise of your surroundings.


Message History

Space momentarily warps into an impossible shape!
You open Xiuck like a pillowcase!!! You chop the balrug into pieces!!!!
You kill the balrug!
Cheibriados appreciates the change of pace.
A neqoxec comes into view.
You ribbit at the neqoxec!
Casting: Manifold Assault (safe; 1% risk of failure)
Confirm with . or Enter, or press ? or * to list all spells.
Space momentarily warps into an impossible shape!
You open the neqoxec like a pillowcase!!!
You kill the neqoxec!
Cheibriados appreciates the change of pace.
You completely miss Xiuck. You block Xiuck's attack.
GONNNNG!
Unknown command.
Casting: Manifold Assault (safe; 1% risk of failure)
Confirm with . or Enter, or press ? or * to list all spells.
Space momentarily warps into an impossible shape!
You miss Xiuck. Xiuck misses you.
Xiuck calls on the powers of darkness!
Your body is wracked with pain!
Unknown command.
The flow of time bends around you.
Cheibriados rebukes Xiuck.
Xiuck seems to slow down.
You block Xiuck's attack.
GONNNNG!
A small abomination comes into view.
Unknown command.
Activating: Slouch (0% risk of failure)
Press: ? - help, Dir - look around, f - activate You can feel time thicken for a moment.
You destroy the small abomination!
Cheibriados appreciates the change of pace.
Xiuck calls on the powers of darkness!
Your body is wracked with pain!
* * * LOW HITPOINT WARNING * * *
You carve Xiuck like a ham!!!!
You kill Xiuck!
Cheibriados appreciates the change of pace.
You have escaped!

.##......###### ##.##
.####.#.......###...##
......#.#####.##.....##
......#.##............#
#####......#.........######
#.#.##.#..#####.......#
#.#....).#....)#..###.##
#.#.....#.......#..#...##
#####.#.#..#....@....#......#
........#...#.......#.......#
.####.)......#)....#..#.....#
.##...........#####..##....##
....##..####........###.####
....##..####........# #.#
..........##.##.....###.####
.####รทรท......##............#
.# #........#######.##.##.#


There were no monsters in sight!

Vanquished Creatures
  the Royal Jelly (Slime:5)
  6 ancient liches
  Frederick (Vaults:3)
  5 orbs of fire
  4 dread liches (Zot:5)
  Josephina (Depths:1)
  Bai Suzhen (Crypt:2)
  5 Killer Klowns
  The ghost of Fieg the Phalangite, a veteran HuWn of Lugonu (Vaults:4)
  A caustic shrike (Depths:2)
  2 curse toes
  4 golden dragons
  2 bone dragons
  A profane servitor (Crypt:3)
  Norris (Vaults:4)
  the Enchantress (Depths:2)
  4 electric golems
  3 pandemonium lords
  6 liches
  2 Ice Fiends
  Rupert (D:15)
  Jorgrun (D:12)
  12 tentacled monstrosities
  A shard shrike zombie (Crypt:3)
  Asterion (Elf:1)
  A hellephant (D:1)
  A walking crystal tome (WizLab)
  2 Hell Sentinels
  25 Orb Guardians
  A titan (Depths:2)
  2 deep elf blademasters
  12 acid blobs
  2 walking frostbound tomes (WizLab)
  4 quicksilver dragons
  2 Executioners
  3 deep elf master archers (Elf:3)
  3 krakens
  5 death cobs
  Gastronok (D:11)
  3 ancient champions (Crypt:2)
  4 sphinxes
  2 tengu reavers (Depths:2)
  Agnes (D:15)
  13 shadow dragons
  Donald (Elf:1)
  A strange machine (WizLab)
  4 revenants
  13 rockslimes
  11 azure jellies
  Aizul (Shoals:4)
  13 storm dragons
  7 fire giants
  2 protean progenitors (Zot:5)
  7 draconian knights
  8 draconian monks
  3 iron dragons
  10 frost giants
  A juggernaut zombie (Depths:1)
  Louise (Elf:1)
  4 draconian scorchers
  A balrug (D:1)
  A demonspawn warmonger (Zot:5)
  8 emperor scorpions
  5 deep elf sorcerers (Elf:3)
  9 ghost moths
  2 draconian shifters (Zot:5)
  11 vault wardens
  5 deep elf elementalists
  4 draconian stormcallers
  2 curse skulls (Crypt:1)
  An orc warlord (Orc:2)
  2 draconian annihilators (Zot:5)
  14 ghouls
  5 spriggan defenders (Depths:2)
  5 very ugly things
  4 broodmothers
  13 quicksilver oozes
  19 ironbound preservers
  15 stone giants
  5 caustic shrike skeletons (Depths:3)
  8 formless jellyfish
  3 juggernaut skeletons (Depths:3)
  2 deep elf demonologists (Elf:3)
  11 green draconians
  3 vampire knights
  8 red draconians
  14 white draconians
  13 black draconians
  12 deep elf annihilators
  7 ironbound thunderhulks
  2 war gargoyles
  10 purple draconians
  7 deep elf death magi
  15 dire elephants
  A minotaur (Gauntlet)
  8 spark wasps
  13 yellow draconians
  11 fire dragons
  10 eidola
  15 ettins
  10 jiangshi
  4 merfolk javelineers (Shoals:4)
  A green death (D:1)
  8 merfolk impalers
  3 entropy weavers
  A quicksilver dragon zombie (Crypt:2)
  6 deep elf high priests
  A mummy priest (Crypt:3)
  9 yaktaur captains
  A quicksilver dragon skeleton (Depths:3)
  7 hydras
  12 great orbs of eyes
  2 jorogumos
  3 peacekeepers
  9 ice dragons
  A juggernaut simulacrum (Depths:2)
  A hell beast (D:1)
  3 catoblepae (Lair:5)
  8 spriggan air magi
  9 rakshasas
  7 centaur warriors
  8 ironbound frosthearts
  7 merfolk avatars
  2 alligators (Zot:5)
  3 spriggan skeletons (Depths:3)
  11 boulder beetles
  7 radroaches
  4 death knights
  39 dancing weapons
  8 vault guards
  4 merfolk aquamancers (Shoals:4)
  3 sphinx skeletons (Depths:3)
  2 alligator snapping turtles
  A satyr (Shoals:4)
  4 death scarabs (D:14)
  3 vampire magi
  10 tengu warriors
  A deep troll shaman (Depths:2)
  10 death yaks
  5 deep troll earth magi
  5 two-headed ogres
  10 demonic crawlers
  A titan zombie (Crypt:3)
  3 orc high priests (Orc:2)
  10 spriggan berserkers
  8 hell knights
  2 occultists
  A sun demon (Depths:3)
  2 titan skeletons (Depths:3)
  5 skysharks
  23 deep elf knights
  2 salamander mystics (Depths:1)
  3 iron trolls
  3 soul eaters
  A fire crab (shapeshifter) (D:11)
  54 skeletal warriors
  7 pharaoh ants
  Amaemon (Lair:1)
  A storm dragon skeleton (Crypt:2)
  2 nameless horrors
  The ghost of Nebesus the Fiendish, a novice DsNe of Makhleb (D:9)
  7 orb spiders
  53 deep trolls
  17 sea snakes
  A bunyip zombie (Crypt:3)
  An anaconda zombie (Crypt:3)
  5 sun moths
  6 arcanists
  2 bog bodies
  10 glowing orange brains
  3 flayed ghosts
  An orange crystal statue (Zot:5)
  21 deep elf archers
  4 thermic dynamos
  A glowing orange brain (shapeshifter) (Depths:4)
  3 golden dragon skeletons
  An iron giant skeleton (Crypt:1)
  An obsidian statue (D:11)
  25 harpies
  16 phantasmal warriors
  23 ironbound convokers
  9 lindwurms
  30 deep elf zephyrmancers
  3 steelbarb worms (Spider:1)
  2 orc knights
  4 spectral wolf spiders (D:14)
  A steelbarb worm (shapeshifter) (Elf:1)
  3 oklob plants (D:11)
  5 necromancers
  6 orc sorcerers
  22 wolf spiders
  31 deep elf pyromancers
  A wolf spider (shapeshifter) (Depths:3)
  The ghost of stazo the Cleaver, a novice DsFi of Trog (D:6)
  7 cyclopes
  10 elephants
  A shadow dragon skeleton (Depths:3)
  5 fauns
  8 shining eyes
  35 ugly things
  9 salamanders (Depths:1)
  An iron dragon zombie (Crypt:3)
  2 tengu skeletons
  3 iron dragon skeletons
  16 manticores
  11 merfolk sirens
  A goliath frog skeleton (Crypt:2)
  6 meliai (Spider:4)
  25 moths of wrath
  2 dire elephant zombies (Crypt:3)
  8 black mambas
  2 frost giant skeletons (Depths:3)
  2 naga zombies (Crypt:3)
  8 kobold blastminers (Orc:2)
  3 fire giant skeletons
  3 centaur zombies (Crypt:3)
  A torpor snail (Spider:1)
  10 water nymphs
  4 smoke demons
  A gargoyle (D:12)
  15 vault sentinels
  An orange demon (Lair:1)
  A storm dragon simulacrum (Depths:2)
  15 cane toads
  A hellion (D:13)
  36 yaktaurs
  A rime drake (Lair:2)
  3 large abominations (Depths:3)
  3 eyes of devastation
  7 komodo dragons
  A kobold demonologist (D:14)
  2 unseen horrors
  6 freezing wraiths
  2 tengu conjurers
  2 efreet
  A black draconian zombie (Crypt:1)
  3 tormentors
  A hydra zombie (Crypt:3)
  38 merfolk
  2 hellwings
  3 trolls
  7 wind drakes
  24 tarantellas
  2 harpy skeletons (Crypt:1)
  9 hornets
  14 blink frogs
  A polar bear (Lair:5)
  A death drake skeleton (Crypt:2)
  A glass eye (Slime:4)
  15 snapping turtles
  A jumping spider zombie (Crypt:2)
  3 spriggan zombies
  A dream sheep (D:10)
  105 slime creatures
  2 air elementals
  22 jumping spiders
  An ushabti (Crypt:3)
  A boulder beetle zombie (Crypt:2)
  A guardian serpent skeleton (Crypt:1)
  A harpy (shapeshifter) (Zot:4)
  A centaur simulacrum (D:15)
  9 water elementals
  8 wraiths
  A ynoxinul (D:9)
  6 spriggans
  46 yaks
  22 culicivoras
  3 hogs (D:7)
  3 shadows
  A human (shapeshifter) (D:15)
  A fire bat (shapeshifter) (D:14)
  2 fire bats (Depths:1)
  16 basilisks
  8 wyverns
  A golden eye (Slime:5)
  2 humans
  A neqoxec (D:1)
  A fire elemental (Depths:1)
  4 chaos spawn
  3 steam dragons
  22 vampire mosquitoes
  3 wargs
  50 redbacks
  An acid dragon (Gauntlet)
  An acid dragon (shapeshifter) (D:9)
  14 water moccasins
  27 orc warriors
  3 hell hounds (Zot:4)
  A glowing shapeshifter skeleton (Depths:1)
  2 black bears (D:4)
  An ice beast (D:5)
  A lindwurm zombie (Crypt:2)
  17 laughing skulls
  2 spriggan simulacra (Depths:2)
  An ogre (shapeshifter) (D:13)
  9 small abominations
  A tengu (shapeshifter) (D:11)
  A tengu (D:6)
  A black bear (shapeshifter) (D:11)
  5 wolves (Lair:1)
  A rime drake zombie (Crypt:1)
  6 boggarts
  7 ogres
  A swamp dragon skeleton (Crypt:1)
  9 centaurs
  5 phantoms
  3 kobold brigands (D:11)
  A draconian zombie (Crypt:1)
  A salamander zombie (Crypt:1)
  21 bullfrogs
  A gnoll sergeant (D:10)
  A human simulacrum (Depths:2)
  3 earth elementals
  3 wyvern zombies (D:11)
  6 scorpions
  4 wyvern skeletons (Crypt:3)
  41 wights
  20 killer bees
  4 howler monkeys (D:11)
  2 bombardier beetles
  3 hounds
  23 jellies
  14 orc priests
  A gnoll bouda (D:11)
  Crazy Yiuf (D:7)
  12 orc wizards
  3 iguanas
  A sleepcap (D:6)
  2 mummies (Crypt:3)
  7 adders
  13 gnolls
  A howler monkey skeleton (Crypt:1)
  A steam dragon zombie (Crypt:2)
  A white imp (D:7)
  2 ufetubi (D:5)
  2 ribbon worms
  8 dart slugs
  65 orcs
  8 bats
  16 endoplasms
  11 giant cockroaches
  13 goblins
  6 hobgoblins
  6 jackals
  2 quokkas (D:1)
  17 ball pythons
  6 frilled lizards
  A gnoll skeleton (Crypt:2)
  6 kobolds
  A quokka zombie (Crypt:1)
  7 rats
  12 tentacles
2502 creatures vanquished.

Vanquished Creatures (collateral kills)
  2 orbs of fire
  The ghost of Tolefusch the Slayer, a veteran MiFi of Cheibriados (Zot:2)
  2 Killer Klowns
  A golden dragon (Zot:5)
  A tentacled monstrosity (Zot:2)
  5 Orb Guardians (Zot:5)
  A shadow dragon (Zot:5)
  A death cob (Zot:3)
  2 storm dragons
  A draconian annihilator (Zot:1)
  A vampire knight (Crypt:1)
  A purple draconian (Zot:5)
  A red draconian (Zot:4)
  2 white draconians
  A yellow draconian (Zot:5)
  A phantasmal warrior (Crypt:1)
  A deep elf pyromancer (D:9)
  A moth of wrath (Zot:5)
  A harpy zombie (Crypt:3)
  A small abomination (Depths:3)
  A laughing skull (D:9)
  An orc wizard (Orc:1)
  An orc (Orc:1)
31 creatures vanquished.

Vanquished Creatures (others)
  4 eldritch tentacles
  A salamander tyrant (Depths:1)
  A vampire mage (Depths:3)
  A skeletal warrior (Crypt:3)
  2 deep elf zephyrmancers
  A deep elf pyromancer (Elf:2)
  An orc sorcerer (Orc:1)
  3 meliai (Spider:3)
  A merfolk (Shoals:4)
  A slime creature (Slime:2)
  A water elemental (Elf:2)
  An orc (Orc:2)
  6 snaplasher vines
  8 tentacles
32 creatures vanquished.

Grand Total: 2565 creatures vanquished

Notes
Turn   | Place    | Note
-------+----------+-------------------------------------------
     0 | D:1      | Hans the Barachi Fighter began the quest for the Orb.
     0 | D:1      | Reached XP level 1. HP: 18/18 MP: 1/1
     0 | D:1      | Upgraded the game from 0.32-a0-705-g60f233581c to
                  | 0.32-a0-711-g016ad743e0
    40 | D:1      | Reached XP level 2. HP: 23/25 MP: 2/2
   259 | D:1      | Reached skill level 1 in Dodging
   360 | D:1      | Reached XP level 3. HP: 30/30 MP: 3/3
   543 | D:1      | Reached skill level 4 in Armour
  1038 | D:2      | Identified the +2 robe of the Accordion {rC- Int+6}
  1516 | D:3      | Reached XP level 4. HP: 22/37 MP: 4/4
  1679 | D:3      | Reached XP level 5. HP: 29/43 MP: 5/5
  2640 | D:4      | Noticed a black bear
  2664 | D:4      | Noticed a black bear
  3127 | D:4      | Reached XP level 6. HP: 43/50 MP: 6/6
  3359 | D:4      | Killed a black bear
  3360 | D:4      | Reached skill level 5 in Fighting
  3360 | D:4      | Reached skill level 1 in Throwing
  3360 | D:4      | Reached skill level 5 in Armour
  3515 | D:4      | Killed a black bear
  3516 | D:4      | Reached XP level 7. HP: 43/56 MP: 7/7
  3583 | D:5      | Entered Level 5 of the Dungeon
  3603 | D:5      | Found a white marble altar of Elyvilon.
  3663 | D:5      | Noticed a steam dragon
  3668 | D:5      | Found a staircase to the Ecumenical Temple.
  3688 | D:5      | Killed a steam dragon
  3689 | D:5      | Reached skill level 5 in Shields
  3692 | Temple   | Entered the Ecumenical Temple
  3916 | D:5      | Reached XP level 8. HP: 63/64 MP: 8/8
  3962 | D:5      | Found a glowing silver altar of Zin.
  4068 | D:5      | Reached skill level 6 in Armour
  4218 | D:5      | Reached skill level 5 in Axes
  4764 | D:6      | Found a glowing drain.
  4794 | Sewer    | Entered a sewer
  5162 | D:6      | Reached skill level 5 in Dodging
  5162 | D:6      | Reached XP level 9. HP: 62/71 MP: 9/9
  5199 | D:6      | Found a basalt altar of Yredelemnul.
  5274 | D:6      | Noticed Maggie
  5275 | D:6      | Maggie changed into Maggie the tengu
  5275 | D:6      | Noticed Maggie
  5284 | D:6      | Killed Maggie the tengu
  5285 | D:6      | Reached skill level 7 in Armour
  5488 | D:6      | Found a large runed translucent door.
  5488 | D:6      | Found a large runed translucent door.
  5488 | D:6      | Noticed stazo's ghost (novice DsFi)
  5590 | D:6      | Found Dirrinn's Weapon Boutique.
  5636 | D:6      | Found a hide-covered altar of Uskayaw.
  5675 | D:6      | Found a shadowy altar of Dithmenos.
  5771 | D:6      | Found a burning altar of Makhleb.
  5783 | D:6      | Found a sacrificial altar of Ru.
  5817 | D:6      | Found a shimmering altar of Xom.
  6085 | D:7      | Found a snail-covered altar of Cheibriados.
  6126 | D:8      | Identified the +1 leather armour of Kops {rF+ Str+2 Stlth-}
  6405 | D:7      | Found an opulent altar of Gozag.
  6569 | D:7      | Reached skill level 8 in Armour
  6570 | D:7      | Reached XP level 10. HP: 64/80 MP: 10/10
  6685 | D:7      | Noticed Jeremiah
  6689 | D:7      | Jeremiah changed into Jeremiah the wind drake
  6689 | D:7      | Noticed Jeremiah
  6718 | D:7      | Killed Jeremiah the wind drake
  7079 | D:7      | Found a runed translucent door.
  7080 | D:7      | Noticed Crazy Yiuf
  7180 | D:7      | Became a worshipper of Cheibriados the Contemplative
  7432 | D:7      | Killed Crazy Yiuf
  7545 | D:7      | Reached skill level 1 in Evocations
  7764 | D:8      | Reached skill level 1 in Invocations
  8086 | D:8      | Found Afeuzat's General Store.
  8091 | D:8      | Bought a scroll of identify for 28 gold pieces
  8255 | D:9      | Reached * piety under Cheibriados
  8330 | D:9      | Noticed a deep elf pyromancer
  8331 | D:9      | Noticed a manticore
  8334 | D:9      | Noticed a tengu warrior
  8335 | D:9      | Found a transporter.
  8335 | D:9      | Noticed a cyan ugly thing
  8344 | D:9      | Noticed Nebesus's ghost (novice DsNe)
  8390 | D:9      | Reached ** piety under Cheibriados
  8391 | D:9      | Reached skill level 9 in Armour
  8422 | D:9      | Found a transporter.
  8453 | D:9      | Found a runed translucent door.
  8643 | D:9      | Noticed a meliai
  8733 | D:9      | Reached XP level 11. HP: 88/89 MP: 12/12
  8762 | D:9      | Found a radiant altar of Vehumet.
  8779 | D:9      | Found a sparkling altar of Nemelex Xobeh.
  8785 | D:9      | Found a stormy altar of Qazlal.
  8884 | D:10     | Entered Level 10 of the Dungeon
  8941 | D:10     | Noticed Nergalle
  8988 | D:11     | Reached skill level 10 in Fighting
  8988 | D:11     | Reached skill level 10 in Armour
  8988 | D:11     | Reached XP level 12. HP: 87/87 MP: 12/14
  9064 | D:11     | Noticed a two-headed ogre
  9174 | D:11     | Killed a two-headed ogre
  9380 | D:11     | Identified the amulet "Tina" {Spirit rPois Will+ Int-5}
  9404 | D:11     | Noticed a sun demon
  9404 | D:11     | Noticed a soul eater
  9541 | D:11     | Found a staircase to the Lair.
  9668 | D:10     | Found an ancient bone altar of Kikubaaqudgha.
  9675 | D:10     | Reached *** piety under Cheibriados
  9972 | D:10     | Nergalle changed into Nergalle the dream sheep
  9972 | D:10     | Noticed Nergalle
  9977 | D:10     | Killed Nergalle the dream sheep
  9989 | D:10     | Noticed a two-headed ogre
  9999 | D:10     | Killed a two-headed ogre
 10000 | D:10     | Reached skill level 1 in Spellcasting
 10887 | D:11     | Noticed Gastronok
 10936 | D:12     | Reached **** piety under Cheibriados
 11047 | D:12     | Noticed a boulder beetle
 11060 | D:12     | Killed a boulder beetle
 11145 | D:12     | Found a staircase to the Orcish Mines.
 11220 | D:12     | Found a roughly hewn altar of Beogh.
 11260 | D:12     | Reached skill level 11 in Armour
 11484 | D:12     | Noticed Jorgrun
 11587 | D:12     | Noticed a boulder beetle
 11642 | D:12     | Reached skill level 5 in Invocations
 11774 | D:11     | Reached skill level 10 in Shields
 12186 | D:11     | Gained mutation: You can hop long distances. [Barachi
                  | growth]
 12186 | D:11     | Reached XP level 13. HP: 106/106 MP: 16/16
 12210 | D:11     | Reached skill level 10 in Axes
 12793 | D:11     | Killed Gastronok
 14614 | D:6      | Killed stazo's ghost
 14850 | D:9      | Killed Nebesus's ghost
 14893 | D:9      | Identified the amulet "Duoqoh" {Regen+ Dex+7}
 14914 | D:9      | Reached skill level 10 in Dodging
 15077 | D:9      | a polar bear changed into an entropy weaver
 15077 | D:9      | Noticed an entropy weaver (shapeshifter)
 15099 | D:9      | an entropy weaver changed into a cane toad
 15591 | Orc:1    | Entered Level 1 of the Orcish Mines
 15702 | Orc:1    | Found a roughly hewn altar of Beogh.
 15796 | Orc:1    | Found Zuegeseq's Assorted Antiques.
 15813 | Orc:1    | Bought a scroll labelled LYRANK NAJEA for 28 gold pieces
 16240 | Orc:2    | Entered Level 2 of the Orcish Mines
 16240 | Orc:2    | Found Uvokkem's General Store.
 16546 | Orc:1    | Reached skill level 5 in Throwing
 16624 | Orc:2    | Reached ***** piety under Cheibriados
 16713 | Orc:2    | Found Luuloug's Antique Armour Emporium.
 16891 | Orc:2    | Found Julia's Antique Weapon Shoppe.
 16898 | Orc:2    | Paralysed by an orc sorcerer for 2 turns
 17069 | Orc:2    | Noticed an orc warlord
 17343 | Orc:2    | Reached skill level 12 in Armour
 17896 | Orc:2    | Killed an orc warlord
 17897 | Orc:2    | Reached XP level 14. HP: 106/115 MP: 18/18
 17957 | Orc:2    | Bought 3 poisoned darts for 27 gold pieces
 18049 | Orc:2    | Found Gul Webb's Book Shoppe.
 18657 | Orc:2    | Paralysed by an orc sorcerer for 5 turns
 18848 | Orc:2    | Found a staircase to the Elven Halls.
 19232 | Orc:2    | Reached skill level 5 in Stealth
 19503 | Orc:2    | Found a roughly hewn altar of Beogh.
 19647 | Orc:2    | Bought 2 scrolls of blinking for 225 gold pieces
 19647 | Orc:2    | Bought a scroll of teleportation for 45 gold pieces
 19697 | Orc:1    | Bought a forked silver wand for 112 gold pieces
 19697 | Orc:1    | Bought a scroll of teleportation for 84 gold pieces
 19697 | Orc:1    | Bought a scroll of blinking for 210 gold pieces
 19915 | D:13     | Found a gate leading to a gauntlet.
 19920 | Gauntlet | Entered a Gauntlet
 19920 | Gauntlet | Found a transporter.
 19930 | Gauntlet | Found a transporter.
 19945 | Gauntlet | Found a transporter.
 19950 | Gauntlet | Found a transporter.
 19968 | Gauntlet | Found a transporter.
 19984 | Gauntlet | Found a transporter.
 19996 | Gauntlet | Found a transporter.
 20005 | Gauntlet | Found a transporter.
 20020 | Gauntlet | Found a transporter.
 20032 | Gauntlet | Found a transporter.
 20039 | Gauntlet | Found a transporter.
 20075 | Gauntlet | Found a transporter.
 20077 | Gauntlet | Found a transporter.
 20102 | Gauntlet | Found a transporter.
 20104 | Gauntlet | Found a transporter.
 20122 | Gauntlet | Found a transporter.
 20214 | Gauntlet | Found a transporter.
 20230 | Gauntlet | Identified the ring of Oghauq Fylekh {rN+ MP+9 Str+6 Dex+2
                  | Slay+5}
 20235 | Gauntlet | Found a transporter.
 20350 | Gauntlet | Got the Lessons on Caustic Pyromania
 20868 | Gauntlet | Identified the +2 hat "Zaroipp" {rF+ rC++}
 20888 | Gauntlet | Identified the +4 flail "Sazyitu" {flame, rCorr Dex+3}
 21411 | D:13     | Reached ****** piety under Cheibriados
 21416 | D:13     | Found a gate to the Vaults.
 21648 | D:13     | Reached skill level 13 in Armour
 21870 | D:14     | Identified the +0 scale mail of Brilliance {rPois rF+
                  | Will+}
 22190 | D:14     | Found a runed translucent door.
 22314 | D:14     | Reached skill level 14 in Armour
 22557 | D:14     | Found a runed translucent gate.
 22557 | D:14     | Found a runed translucent gate.
 22557 | D:14     | Found a runed translucent gate.
 22557 | D:14     | Found a runed translucent gate.
 22557 | D:14     | Found a runed translucent gate.
 22558 | D:14     | Found a runed translucent gate.
 22569 | D:14     | Reached XP level 15. HP: 87/124 MP: 20/20
 22701 | D:15     | Entered Level 15 of the Dungeon
 23026 | D:15     | Found a staircase to the Depths.
 23049 | D:15     | Noticed Rupert
 23063 | D:15     | Killed Rupert
 23064 | D:15     | Reached skill level 15 in Armour
 23343 | D:15     | Noticed Agnes
 23654 | D:15     | Killed Agnes
 24325 | Lair:1   | Entered Level 1 of the Lair of Beasts
 24473 | Lair:1   | Noticed Amaemon
 24484 | Lair:1   | Killed Amaemon
 25507 | Lair:2   | Reached skill level 16 in Armour
 25619 | Lair:2   | Found a hole to the Spider Nest.
 26041 | Lair:2   | Found a staircase to the Shoals.
 26511 | Lair:3   | Reached skill level 17 in Armour
 26805 | Lair:3   | Reached XP level 16. HP: 129/133 MP: 22/22
 27209 | Lair:4   | Found a staircase to the Slime Pits.
 27774 | Lair:4   | Identified the +4 rapier "Gintel" {freeze, rPois rC- Int+3
                  | Dex+5}
 28090 | Lair:5   | Entered Level 5 of the Lair of Beasts
 28121 | Lair:5   | Reached skill level 18 in Armour
 29019 | Lair:5   | Identified 2 scrolls of acquirement
 29356 | Lair:5   | Acquired 637 gold pieces
 29362 | Lair:5   | Acquired the +3 pair of mountain boots {steadfast, rC+}
 29362 | Lair:5   | Found the +3 pair of mountain boots {steadfast, rC+}
 29937 | Shoals:1 | Entered Level 1 of the Shoals
 30103 | Shoals:1 | Reached skill level 19 in Armour
 30107 | Shoals:1 | Gained mutation: You are partially covered in large bone
                  | plates. (SH +4) [potion of mutation]
 30107 | Shoals:1 | Gained mutation: You have a beak for a mouth. [potion of
                  | mutation]
 30107 | Shoals:1 | Gained mutation: You are robust. (+10% HP) [potion of
                  | mutation]
 30496 | Shoals:1 | Found Leiq's Distillery.
 30499 | Shoals:1 | Bought a potion of cancellation for 128 gold pieces
 30499 | Shoals:1 | Bought a potion of might for 64 gold pieces
 30499 | Shoals:1 | Bought 2 potions of might for 128 gold pieces
 30499 | Shoals:1 | Bought a potion of attraction for 48 gold pieces
 31287 | Shoals:2 | Reached skill level 15 in Fighting
 31298 | Shoals:2 | Reached XP level 17. HP: 146/156 MP: 23/23
 31853 | Shoals:2 | Noticed a kraken
 31861 | Shoals:2 | Killed a kraken
 31927 | Shoals:2 | Noticed a kraken
 31938 | Shoals:2 | Killed a kraken
 32493 | Shoals:3 | Acquired the +1 pair of gloves "Itataw" {rF++ Int+2 Dex-2}
 32678 | Shoals:3 | Found a white marble altar of Elyvilon.
 33270 | Shoals:3 | Reached skill level 20 in Armour
 33411 | Shoals:4 | Entered Level 4 of the Shoals
 33425 | Shoals:4 | Identified the serpent talisman of the Gloaming {Int+4}
 33425 | Shoals:4 | Noticed Aizul
 33440 | Shoals:4 | Killed Aizul
 34558 | Shoals:4 | Reached skill level 10 in Invocations
 34690 | Shoals:4 | Reached XP level 18. HP: 72/166 MP: 18/25
 35378 | Shoals:4 | Identified the +4 short sword of the Genius {freeze, rC+
                  | Str+3 Int-3 Dex+4}
 35576 | Shoals:4 | Got a barnacled rune of Zot
 36057 | Spider:1 | Entered Level 1 of the Spider Nest
 36782 | Spider:1 | Identified the +1 broad axe of Conservatism {protect, rF++
                  | Str+6 Int-4}
 37663 | Spider:2 | Identified the +2 falchion of Expedience {flame, rF++ rC+
                  | Int-4 SInv}
 38122 | Spider:2 | Gained mutation: Your health recovers twice as slowly from
                  | being drained. [mutagenic glow]
 38128 | Spider:2 | Gained mutation: You occasionally lose the ability to read
                  | scrolls when taking damage. [mutagenic glow]
 38845 | Spider:3 | Noticed Nikola
 39157 | Spider:3 | Reached skill level 21 in Armour
 39335 | Spider:3 | Reached skill level 15 in Axes
 39368 | Spider:3 | Reached XP level 19. HP: 174/174 MP: 27/27
 39676 | Spider:4 | Entered Level 4 of the Spider Nest
 40107 | Spider:4 | Identified the +1 scimitar "Tasoproo" {freeze, Stlth+}
 40387 | Spider:4 | Reached skill level 15 in Shields
 40584 | Spider:4 | Got a gossamer rune of Zot
 41261 | Vaults:1 | Entered Level 1 of the Vaults
 41261 | Vaults:1 | Found Iturhott's Weapon Shoppe.
 41279 | Vaults:1 | Bought 6 poisoned darts for 61 gold pieces
 41279 | Vaults:1 | Bought 5 atropa-tipped darts for 76 gold pieces
 42050 | Vaults:1 | Reached skill level 15 in Dodging
 42762 | Vaults:2 | Reached skill level 10 in Throwing
 42765 | Vaults:2 | Reached XP level 20. HP: 175/184 MP: 28/28
 43140 | Vaults:1 | Bought the +3 war axe of Bequ {vamp, Str+3 Int-4 Stlth+}
                  | for 564 gold pieces
 43265 | Vaults:2 | Found a staircase to the Crypt.
 43664 | Vaults:3 | Identified the orb of Pantheism {*channel, rCorr Int+2 SInv
                  | Hexes}
 43664 | Vaults:3 | Noticed Frederick
 43687 | Vaults:3 | Killed Frederick
 44365 | Vaults:3 | Found the +2 hat of the Bear Spirit {Spirit, Bear, *Rage
                  | Will++}
 44393 | Vaults:3 | Found the +18 shield of the Gong {Loud rN+ Will+ rCorr
                  | EV-5}
 44464 | Vaults:3 | Reached skill level 22 in Armour
 46166 | D:11     | Gained mutation: You are dopey. (Int -2) [a neqoxec]
 46439 | D:12     | Killed Jorgrun
 46545 | D:14     | Reached XP level 21. HP: 169/194 MP: 30/30
 46579 | D:14     | Identified the amulet of Orommo {Faith rPois Will+ Int+4}
 47774 | Vaults:4 | Reached skill level 5 in Evocations
 47821 | Vaults:4 | Noticed Norris
 47835 | Vaults:4 | Killed Norris
 48187 | Vaults:4 | Identified the scarf of the Bells {harm, Str+3 Dex+3}
 48190 | Vaults:4 | Found a runed translucent door.
 48190 | Vaults:4 | Noticed Fieg's ghost (veteran HuWn)
 48419 | Vaults:4 | Found Eguch's General Store.
 48423 | Vaults:4 | Bought a scroll of blinking for 127 gold pieces
 48423 | Vaults:4 | Bought 2 silver javelins for 306 gold pieces
 48842 | Vaults:4 | Killed Fieg's ghost
 49163 | Slime:1  | Entered Level 1 of the Pits of Slime
 49168 | Slime:1  | Gained mutation: Armour fits poorly on your strangely
                  | shaped body. [a shining eye]
 49460 | Slime:2  | Reached skill level 5 in Ranged Weapons
 50728 | Slime:4  | Reached XP level 22. HP: 196/203 MP: 31/31
 50782 | Slime:4  | Reached skill level 10 in Ranged Weapons
 51343 | Slime:5  | Entered Level 5 of the Pits of Slime
 51359 | Slime:5  | Gained mutation: Your magical capacity is low. (-10% MP) [a
                  | shining eye]
 51541 | Slime:5  | Noticed the Royal Jelly
 51699 | Slime:5  | Gained mutation: You sometimes lose the ability to read
                  | scrolls when taking damage. [a shining eye]
 51990 | Slime:5  | Reached skill level 5 in Spellcasting
 52103 | Slime:5  | Found a viscous altar of Jiyva.
 52216 | Slime:5  | Killed the Royal Jelly
 52217 | Slime:5  | Reached skill level 1 in Translocations
 52377 | Slime:5  | Identified the +0 scale mail of the Hippo {Dex+5}
 52431 | Slime:5  | Identified the +4 quarterstaff of Disaster {freeze, rN+
                  | Will++ Dex-5 SInv}
 52442 | Slime:5  | Identified the +6 morningstar of Watchfulness {antimagic,
                  | rC- Will+ Dex+3}
 52532 | Slime:5  | Identified the +1 dire flail "Mucror" {holy, ^Drain rN+++
                  | rCorr Str-2}
 52534 | Slime:5  | Identified the scarf of Ipehac {shadows, rC- Dex+5}
 52536 | Slime:5  | Got a slimy rune of Zot
 52556 | Slime:5  | Identified the +4 battleaxe of Mutilation {venom, rF+ rC-
                  | Str+2 Dex+3}
 52590 | Slime:5  | Identified the +0 long sword "Becajaeg" {protect, *Rage
                  | Will++ Int+4}
 52910 | Slime:5  | Learned a level 3 spell: Teleport Other
 52914 | Slime:5  | Learned a level 3 spell: Gell's Gravitas
 52919 | Slime:5  | Learned a level 4 spell: Manifold Assault
 52924 | Slime:5  | Learned a level 4 spell: Passage of Golubria
 53185 | Elf:1    | Entered Level 1 of the Elven Halls
 53475 | Elf:1    | Noticed Asterion
 53504 | Elf:1    | Killed Asterion
 54138 | Elf:1    | Noticed Donald
 54149 | Elf:1    | Killed Donald
 54238 | Elf:1    | Found Hach's Jewellery Boutique.
 54238 | Elf:1    | Found Bejisin's Book Emporium.
 54239 | Elf:1    | Found Yptunaix's Book Emporium.
 54253 | Elf:1    | Noticed Louise
 54267 | Elf:1    | Killed Louise
 55162 | Elf:2    | Found Qaquak's Antique Weapon Shoppe.
 55162 | Elf:2    | Found Fefaerot's Weapon Emporium.
 55164 | Elf:2    | Found Kips's Jewellery Emporium.
 55165 | Elf:2    | Found Hielas's Assorted Antiques.
 55181 | Elf:2    | Bought a scroll of enchant weapon for 217 gold pieces
 55181 | Elf:2    | Bought a scroll of teleportation for 87 gold pieces
 55181 | Elf:2    | Bought a scroll of fear for 116 gold pieces
 55239 | Elf:2    | Noticed Roxanne
 55414 | Elf:2    | Reached XP level 23. HP: 211/211 MP: 29/29
 55466 | Elf:2    | Paralysed by an air elemental for 1 turns
 55759 | Elf:2    | Found a runed translucent gate.
 55760 | Elf:2    | Found a runed translucent gate.
 55760 | Elf:2    | Found a runed translucent gate.
 55927 | Elf:2    | Reached skill level 5 in Translocations
 56437 | Elf:3    | Entered Level 3 of the Elven Halls
 56554 | Elf:3    | Paralysed by an air elemental for 1 turns
 56558 | Elf:3    | Paralysed by an air elemental for 1 turns
 56975 | Elf:3    | Identified the +5 dagger of the Poles {freeze, ^Drain rElec
                  | rN+ Int+3}
 57031 | Elf:3    | Identified the +1 troll leather armour "Loklud" {rC+ Regen+
                  | Str+2}
 57441 | Elf:3    | Reached skill level 23 in Armour
 57488 | Elf:3    | Identified the amulet of Xoaseision {Spirit rF- rC- Int+7}
 57542 | Elf:3    | Learned a level 2 spell: Lesser Beckoning
 57548 | Elf:3    | Learned a level 5 spell: Summon Forest
 57753 | Elf:3    | Reached skill level 1 in Summonings
 57877 | Elf:3    | Identified the staff of a Gauntlet {rN+ Str+2 Necro}
 57881 | Elf:3    | Identified the +6 arbalest of Conservatism {drain, Int+5}
 57891 | Elf:3    | Identified the staff of Extermination {rElec rPois rC+
                  | Dex-3 Alchemy}
 57983 | Elf:3    | Got the Octavo of Frostbite and Immolation
 58340 | D:13     | Lost mutation: You are dopey. (Int -2) [potion of mutation]
 58340 | D:13     | Lost mutation: Armour fits poorly on your strangely shaped
                  | body. [potion of mutation]
 58340 | D:13     | Gained mutation: You possess an exceptional clarity of
                  | mind. [potion of mutation]
 58340 | D:13     | Gained mutation: You are covered in fur. (AC +1) [potion of
                  | mutation]
 58341 | D:13     | Lost mutation: You have a beak for a mouth. [potion of
                  | mutation]
 58341 | D:13     | Lost mutation: You sometimes lose the ability to read
                  | scrolls when taking damage. [potion of mutation]
 58341 | D:13     | Lost mutation: Your magical capacity is low. (-10% MP)
                  | [potion of mutation]
 58341 | D:13     | Lost mutation: Your health recovers twice as slowly from
                  | being drained. [potion of mutation]
 58341 | D:13     | Gained mutation: Your spells are a little easier to cast,
                  | but a little less powerful. [potion of mutation]
 58341 | D:13     | Gained mutation: You are very robust. (+20% HP) [potion of
                  | mutation]
 58428 | Depths:1 | Entered Level 1 of the Depths
 58899 | Depths:1 | Found a one-way gateway to a ziggurat.
 59117 | Depths:1 | Reached XP level 24. HP: 241/241 MP: 33/33
 59123 | Depths:1 | Found a blossoming altar of Fedhas.
 59156 | Depths:1 | Found a gateway to Hell.
 59547 | Depths:2 | Identified the ring "Tionul" {Ice rN+ Slay+3}
 59547 | Depths:2 | Noticed Josephina
 59561 | Depths:1 | Killed Josephina
 59568 | Depths:1 | Learned a level 4 spell: Animate Armour
 59658 | Depths:2 | Noticed the Enchantress
 59682 | Depths:2 | Killed the Enchantress
 60111 | Depths:2 | Found a one-way gate leading to the halls of Pandemonium.
 60176 | Depths:2 | Found a sparkling altar of Nemelex Xobeh.
 60257 | Depths:2 | Noticed a caustic shrike
 60574 | Depths:2 | Found Buosch's General Store.
 60670 | Depths:2 | Killed a caustic shrike
 60735 | Depths:2 | Identified the +4 falchion "Qunequem" {freeze, rCorr}
 61283 | Slime:5  | Acquired 663 gold pieces
 61928 | Depths:3 | Found Jagroup's Antique Weapon Emporium.
 62131 | Depths:3 | Found a one-way gate to the infinite horrors of the Abyss.
 62155 | Depths:3 | Learned a level 3 spell: Call Canine Familiar
 62182 | Depths:3 | Reached skill level 5 in Summonings
 62228 | Depths:3 | Found a sacrificial altar of Ru.
 62473 | Depths:3 | Reached skill level 1 in Earth Magic
 62579 | Depths:3 | Reached skill level 10 in Translocations
 62623 | Depths:3 | Reached XP level 25. HP: 252/252 MP: 34/34
 62824 | Depths:3 | Identified the +10 plate armour of Indecent Exposure {+Inv
                  | rN+}
 63060 | Depths:4 | Entered Level 4 of the Depths
 63069 | Depths:4 | Found a stormy altar of Qazlal.
 63140 | Depths:4 | Found a magical portal.
 63178 | WizLab   | Entered Tukima's Studio
 63189 | WizLab   | Learned a level 6 spell: Dispersal
 63193 | WizLab   | Learned a level 3 spell: Summon Ice Beast
 63371 | WizLab   | Identified the +0 cloak of Anuriegh {Will+ Str+4}
 63376 | WizLab   | Identified the +2 cloak of the Arena {rC- Int+2 Dex+2}
 64048 | Depths:4 | Reached skill level 15 in Throwing
 64429 | Depths:4 | Found a gate to the Realm of Zot.
 64593 | Depths:4 | Found a corrupted altar of Lugonu.
 65339 | Crypt:1  | Entered Level 1 of the Crypt
 66312 | Crypt:2  | Noticed Bai Suzhen
 66322 | Crypt:2  | Killed Bai Suzhen
 66339 | Crypt:2  | Identified the +7 orcbow "Sihaehih" {flame, rN+ Dex+3
                  | Stlth+}
 66460 | Crypt:2  | Reached XP level 26. HP: 262/262 MP: 10/35
 66659 | Crypt:2  | Reached skill level 24 in Armour
 66936 | Crypt:2  | Identified the +3 sling "Mowiagycze" {flame, rCorr Dex+4}
 67102 | Crypt:3  | Entered Level 3 of the Crypt
 68186 | Crypt:3  | Found a staircase to the Tomb.
 68825 | Crypt:3  | Identified the +3 orcbow of Zin's Approval {heavy, Int-3
                  | Dex+2 SInv}
 68920 | Crypt:3  | Found a basalt altar of Yredelemnul.
 69157 | Crypt:3  | Learned a level 4 spell: Martyr's Knell
 69482 | Crypt:3  | Identified the amulet "Amollo" {Acrobat rC+ Regen+}
 69482 | Crypt:3  | Identified the ring of the Vanishing Prophets {rF+ rN++}
 69687 | D:13     | Upgraded the game from 0.32-a0-711-g016ad743e0 to
                  | 0.32-a0-732-ga344392067
 69878 | Zot:1    | Entered Level 1 of the Realm of Zot
 70007 | Zot:1    | Noticed an orb of fire
 70112 | Zot:1    | Gained mutation: You are clumsy. (Dex -2) [an orb of fire]
 70117 | Zot:1    | Killed an orb of fire
 72195 | Zot:2    | Found a runed translucent door.
 72196 | Zot:2    | Noticed Tolefusch's ghost (veteran MiFi)
 72661 | Zot:2    | Killed Tolefusch's ghost
 72664 | Zot:2    | Identified the +2 scale mail of the Prince of Darkness
                  | {Will++ Int+3 Dex-4}
 72688 | Zot:3    | Noticed an ancient lich
 72688 | Zot:3    | Noticed a Killer Klown
 72690 | Zot:3    | Noticed a Killer Klown
 72692 | Zot:3    | Noticed a Killer Klown
 72693 | Zot:3    | Noticed a Killer Klown
 72695 | Zot:3    | Killed a Killer Klown
 72705 | Zot:2    | Killed an ancient lich
 72717 | Zot:2    | Killed a Killer Klown
 72890 | Zot:3    | Noticed a Killer Klown
 72893 | Zot:3    | Killed a Killer Klown
 72968 | Zot:3    | Killed a Killer Klown
 72972 | Zot:3    | Killed a Killer Klown
 72973 | Zot:3    | Reached skill level 15 in Invocations
 72973 | Zot:3    | Reached XP level 27. HP: 250/273 MP: 36/36
 72988 | Zot:2    | Reached skill level 10 in Spellcasting
 74370 | Zot:4    | Reached skill level 10 in Summonings
 74663 | Zot:4    | Noticed an orb of fire
 74739 | Zot:4    | Gained mutation: You occasionally shout uncontrollably at
                  | your foes. [an orb of fire]
 74743 | Zot:4    | Killed an orb of fire
 75821 | Zot:5    | Entered Level 5 of the Realm of Zot
 76746 | Zot:5    | Noticed an ancient lich
 76757 | Zot:5    | Killed an ancient lich
 77124 | Zot:5    | Noticed an ancient lich
 77134 | Zot:5    | Killed an ancient lich
 77311 | Zot:5    | Noticed an orb of fire
 77323 | Zot:5    | Gained mutation: You are very clumsy. (Dex -4) [an orb of
                  | fire]
 77326 | Zot:5    | Killed an orb of fire
 77484 | Zot:5    | Noticed an orb of fire
 77487 | Zot:5    | Gained mutation: You are dopey. (Int -2) [an orb of fire]
 77491 | Zot:5    | Gained mutation: You are weak. (Str -2) [an orb of fire]
 77494 | Zot:5    | Gained mutation: You sometimes lose the ability to read
                  | scrolls when taking damage. [an orb of fire]
 77495 | Zot:5    | Gained mutation: You are vulnerable to cold. (rC-) [an orb
                  | of fire]
 77500 | Zot:5    | Killed an orb of fire
 77501 | Zot:5    | Noticed an orb of fire
 77506 | Zot:5    | Lost mutation: You are very robust. (+20% HP) [an orb of
                  | fire]
 77510 | Zot:5    | Killed an orb of fire
 77627 | Zot:5    | Noticed an ancient lich
 77629 | Zot:5    | Noticed an orb of fire
 77653 | Zot:5    | Killed an orb of fire
 77654 | Zot:5    | Reached skill level 25 in Armour
 77954 | Zot:5    | Noticed an ancient lich
 77964 | Zot:5    | Killed an ancient lich
 78064 | Zot:5    | Noticed an orb of fire
 78080 | Zot:5    | Gained mutation: Your body sometimes deteriorates upon
                  | taking damage. [an orb of fire]
 78081 | Zot:5    | Killed an orb of fire
 78386 | Zot:5    | Killed an ancient lich
 78652 | Zot:5    | Noticed a dread lich
 78661 | Zot:5    | Killed a dread lich
 78663 | Zot:5    | Noticed a dread lich
 78675 | Zot:5    | Killed a dread lich
 79004 | Zot:5    | Noticed a dread lich
 79018 | Zot:5    | Killed a dread lich
 79273 | Zot:5    | Noticed a dread lich
 79287 | Zot:5    | Killed a dread lich
 79558 | Zot:5    | Learned a level 7 spell: Malign Gateway
 80147 | Zot:5    | Got the Orb of Zot
 80411 | Depths:3 | Noticed Baifu the pandemonium lord
 80420 | Depths:3 | Killed Baifu the pandemonium lord
 80465 | Depths:3 | Lost mutation: You are weak. (Str -2) [potion of mutation]
 80465 | Depths:3 | Lost mutation: Your body sometimes deteriorates upon taking
                  | damage. [potion of mutation]
 80465 | Depths:3 | Lost mutation: You are vulnerable to cold. (rC-) [potion of
                  | mutation]
 80466 | Depths:3 | Lost mutation: You possess an exceptional clarity of mind.
                  | [potion of mutation]
 80466 | Depths:3 | Lost mutation: You are dopey. (Int -2) [potion of mutation]
 80466 | Depths:3 | Gained mutation: You are vulnerable to heat. (rF-) [potion
                  | of mutation]
 80466 | Depths:3 | Gained mutation: Your natural rate of healing is unusually
                  | fast. [potion of mutation]
 80625 | D:13     | Lost mutation: You are covered in fur. (AC +1) [potion of
                  | mutation]
 80625 | D:13     | Lost mutation: You sometimes lose the ability to read
                  | scrolls when taking damage. [potion of mutation]
 80625 | D:13     | Lost mutation: You are robust. (+10% HP) [potion of
                  | mutation]
 80625 | D:13     | Gained mutation: You are partially covered in iridescent
                  | scales. (AC +2) [potion of mutation]
 80625 | D:13     | Gained mutation: You passively dampen the noise of your
                  | surroundings. [potion of mutation]
 80753 | D:8      | Noticed Xahexaqu the pandemonium lord
 80753 | D:8      | Noticed an ancient lich
 80757 | D:8      | Killed an ancient lich
 80765 | D:8      | Killed Xahexaqu the pandemonium lord
 81310 | D:1      | Noticed Xiuck the pandemonium lord
 81318 | D:1      | Killed Xiuck the pandemonium lord
 81320 | D:$      | Escaped with the Orb!

Illustrated notes

Levels and vault maps discovered:
D:1:      scummos_arrival_hexagon, layout_loops_cross, st_stairs_10,
          corexii_corridor_pit, serial_bayou_lagoon_a
D:2:      layout_loops_ring
D:3:      minmay_inner_zag, layout_loops_ring, due_unseen_surprise
D:4:      layout_cave_pools
D:5:      layout_basic, mainiacjoe_overflow_concentric_impassable,
          elyvilon_altar_5, minmay_temple_entry_glass
D:6:      nicolae_cairo_tiling_large, layout_loops_ring,
          nicolae_overflow_quartered_altars, mainiacjoe_overflow_paths,
          lemuel_tele_altar, ebering_ghost_disaster_area,
          cheibrodos_sewer_entry_bend, serial_shops,
          nicolae_shop_pleasant_corner_grove, uniq_maggie
D:7:      layout_loops_ring, cheibriados_altar_1,
          nicolae_overflow_hidden_temple, hex_large, grunt_livestock,
          uniq_jeremiah, uniq_crazy_yiuf_cottage
D:8:      layout_basic, serial_shops, shop
D:9:      gammafunk_sealed_arena, layout_rooms, minitemple,
          hellmonk_ghost_big_iron
D:10:     nicolae_hitomezashi [nicolae_hito_row, nicolae_hito_row,
          nicolae_hito_row, nicolae_hito_row, nicolae_hito_row,
          nicolae_hito_row, nicolae_hito_row, nicolae_hito_row,
          nicolae_hito_row, nicolae_hito_row, nicolae_hito_row,
          nicolae_hito_row, nicolae_hito_row, nicolae_hito_row,
          nicolae_hito_row, nicolae_hito_row, nicolae_hito_row,
          nicolae_hito_row], layout_loops_cross, amcnicky_altar_gilded,
          hangedman_decor_clover_reticule, kennysheep_generic_room_15,
          uniq_nergalle
D:11:     regret_index_malice_mire, layout_basic, dpeg_oklobed_lair,
          minivault_16, uniq_gastronok
D:12:     layout_basic, minmay_orc_entry_temple_small, uniq_jorgrun
D:13:     layout_loops_ring, hellmonk_vaults_keyhole, gauntlet_entry_generic
D:14:     gammafunk_indiana_jones, layout_rooms
D:15:     hangedman_depths_entry_civil_slaughter, layout_cross,
          lemuel_flamethrower_3, uniq_rupert, uniq_agnes
Temple:   corrupted_temple
Lair:1:   hellmonk_ruined_rings, layout_layer_cave,
          chequers_serial_rivers_small_a, infiniplex_staircase_pool_2,
          uniq_amaemon
Lair:2:   layout_big_grid, elwin_shoals_entry_stream,
          nicolae_spider_entry_lesser_pyramids, nicolae_lair_grove_arrangements
Lair:3:   nzn_winding_woodlands_three_and_one
          [nzn_winding_woodlands_5x15_concentric,
          nzn_winding_woodlands_5x15_sawtooth,
          nzn_winding_woodlands_5x15_zeroes,
          nzn_winding_woodlands_center_diamonds], layout_chaotic_city,
          kennysheep_basilisk_garden
Lair:4:   layout_cave_pods, minmay_slime_entry_jelly_boxes
Lair:5:   evilmike_catoblepas_cave, layout_regular_city, serial_bayou_shore_b,
          grunt_megastairs_5
Shoals:1: layout_shoals, serial_shops, nicolae_shop_window_shopping,
          nicolae_shoals_nautilus_by_nature
Shoals:2: layout_shoals, nicolae_shoals_lost_giant_hut
Shoals:3: layout_shoals, lemuel_altar_in_water
Shoals:4: shoals_end_hangedman, layout_shoals, uniq_aizul
Spider:1: nicolae_spider_hilbert_zone_2 [nicolae_spider_hilbert_4_sides_1_open,
          nicolae_spider_hilbert_4_sides_1_open,
          nicolae_spider_hilbert_4_sides_1_open,
          nicolae_spider_hilbert_4_sides_1_open,
          nicolae_spider_hilbert_6_sides_1_open,
          nicolae_spider_hilbert_6_sides_1_open,
          nicolae_spider_hilbert_3_sides_1_open,
          nicolae_spider_hilbert_3_sides_1_open,
          nicolae_spider_hilbert_3_sides_1_open,
          nicolae_spider_hilbert_3_sides_1_open,
          nicolae_spider_hilbert_6_sides_1_open,
          nicolae_spider_hilbert_6_sides_1_open,
          nicolae_spider_hilbert_6_sides_1_open,
          nicolae_spider_hilbert_6_sides_1_open], hangedman_spider_trapstep
Spider:2: layout_cave_pods, nicolae_spider_solar_radiation
Spider:3: layout_spider_delve, uniq_nikola
Spider:4: grunt_spider_rune_parallel
Slime:1:  layout_caves
Slime:2:  layout_caves
Slime:3:  nicolae_slime_jelly_donut, layout_caves
Slime:4:  layout_caves, cheibrodos_slime_lost_civilization_7
Slime:5:  slime_pit_nicolae_trefoil
Orc:1:    layout_caves, serial_shops, nicolae_shop_waterfront, mines1_david
Orc:2:    grunt_orc_gardens, layout_caves, grunt_orc_garden, grunt_orc_garden,
          grunt_orc_garden, grunt_orc_garden, minmay_orc_temple_c
Elf:1:    eino_elf_arrival_sip, layout_geoelf_diagonals, evilmike_minifort,
          nrook_mini_backslash, minivault_4, nicolae_elf_glassroom_feature,
          minmay_shop_grove, uniq_louise, uniq_asterion, uniq_donald
Elf:2:    nicolae_elf_blades_splatter_lattice [nicolae_blade_lattice],
          layout_geoelf_octagon, minmay_shoptagon, uniq_roxanne
Elf:3:    minmay_elf_hall_furrowed, layout_loops_ring
Vaults:1: ontoclasm_vaults_ring_square, nicolae_vaults_apartment_1, v_misc_13,
          vaults_room_grunt_arrival_ludios, hangedman_vaults_corner_blocks,
          nicolae_vaults_alarming, nicolae_vaults_surprise_closet,
          nicolae_vaults_diamond_2, grunt_vaults_twisty, v_misc_1,
          nicolae_vaults_tetromino_L_1, nicolae_vaults_variable_pillar_hall,
          layout_vaults_big_room, serial_shops,
          nicolae_shop_bloodbath_and_beyond
Vaults:2: nicolae_vaults_little_squares_3, minmay_crypt_entry_simple_corners,
          nicolae_vaults_back_hallway, nicolae_vaults_tetromino_Z_2,
          ontoclasm_vaults_gallery, nicolae_vaults_house_1, vaults_dpeg_hooks,
          layout_vaults_omnigrid, uniq_margery
Vaults:3: nicolae_vaults_stepped_doors, nicolae_vaults_layer_cake_slice,
          nicolae_vaults_asterisk, hellmonk_guarded_unrand_gong, v_pattern_1,
          hangedman_vaults_corner, nicolae_vaults_closet_pinwheel_4,
          nicolae_vaults_network_barrier, nicolae_vaults_network_periphery,
          serial_library_hellmonk_angled_corner, nicolae_vaults_specimen_jars,
          layout_vaults_ring, uniq_frederick
Vaults:4: gammafunk_ghost_grave, nicolae_vaults_turnstiles,
          nicolae_vaults_storage_closets_2, nicolae_vaults_network_s,
          v_alt_pattern_2, dpeg_vaults_monster_row, hangedman_vaults_stream,
          nicolae_vaults_trapezoid_3, layout_vaults_omnicross, serial_shops,
          nicolae_shop_stone, uniq_norris
Crypt:1:  layout_chaotic_city, nicolae_crypt_cryptocurrency,
          roderic_lattice_octagonal_star
Crypt:2:  layout_misc_corridors, uniq_bai_suzhen
Crypt:3:  evilmike_haunted_forest
Depths:1: layout_basic, enter_ziggurat_f, hell_entry, fedhas_altar_fruit_tree,
          minmay_misc_feat_rugged, minmay_crystal_room, kennysheep_nondescript,
          nicolae_titane
Depths:2: evilmike_inaccessible_box, layout_basic, grunt_metal_band,
          serial_shops, shop_fountains, grunt_pan_entry_sceptre,
          nemelex_spade_bored_becter, uniq_enchantress, uniq_josephina
Depths:3: minmay_skeleton_keep, layout_small_grid,
          nicolae_ru_the_path_less_chosen, minmay_room_of_horrors, serial_shops,
          shop, hell_entry, serial_bayou_shore_b,
          infiniplex_staircase_split_hallway, firewood_loft
Depths:4: grunt_zot_entry_gee_three, layout_honeycomb, abyss_entry_flame_altar,
          lightli_enter_wizlab_magi_temple, grunt_hell_entry_dis_grunt,
          drop_trap, nicolae_qazlal_general_emergency, serial_bayou_shore_b
Zot:1:    layout_basic, regret_index_zotdec_icy_dp
Zot:2:    kennysheep_room_grid, layout_gridlike, gammafunk_ghost_grave,
          lemuel_elevator
Zot:3:    ebering_klown_carousel, layout_gridlike
Zot:4:    hangedman_zot_vaults_quadrants, layout_onion_interference
Zot:5:    layout_gridlike

Skill      XL: |  1  2  3  4  5  6  7  8  9 10 11 12 13 14 15 16 17 18 19 20 21 22 23 24 25 26 27 |
---------------+----------------------------------------------------------------------------------+-----
Dodging        | 1 2 3 5 6 7 8 9 10 11 12 13 14 15 16 17 18 19 | 19.9
Fighting       | 4 5 6 8 9 10 11 12 13 14 15 16 17 18 19 20 21 22 | 22.4
Armour         | 4 5 6 8 9 10 11 12 14 17 19 20 21 22 23 24 25 | 25.5
Axes           | 3 4 5 6 7 8 9 10 11 12 13 14 15 16 17 18 19 20 | 20.5
Shields        | 4 5 6 7 8 9 10 11 12 13 14 15 16 17 18 20 | 20.1
Throwing       | 1 2 3 4 5 7 10 11 13 14 15 | 15.0
Evocations     | 2 4 5 6 7 8 9 |  9.2
Invocations    | 2 3 5 6 7 8 9 10 11 12 13 14 15 16 | 16.1
Stealth        | 3 4 5 6 |  6.0
Spellcasting   | 1 2 3 4 5 6 7 8 9 12 | 12.1
Ranged Weapons | 8 12 13 | 13.0
Translocations | 4 8 10 12 14 | 14.0
Summonings     | 2 5 7 9 12 | 12.5
Earth Magic    | 1 |  1.0

Action                     |  1- 3 |  4- 6 |  7- 9 | 10-12 | 13-15 | 16-18 | 19-21 | 22-24 | 25-27 || total
---------------------------+-------+-------+-------+-------+-------+-------+-------+-------+-------++-------
  Melee: War axe           |   143 |   136 |   252 |       |    23 |    15 |    65 |   162 |   130 ||   926
         Broad axe         |       |       |   121 |   412 |   956 |  1192 |   959 |   842 |  1456 ||  5938
         Hand axe          |       |       |       |   110 |       |       |       |       |       ||   110
         Dagger            |       |       |       |     1 |       |       |       |       |       ||     1
         Flail             |       |       |       |       |    19 |       |       |       |       ||    19
         Peck              |       |       |       |       |       |   280 |   350 |   131 |       ||   761
         Hand cannon       |       |       |       |       |       |       |       |     1 |       ||     1
         Eveningstar       |       |       |       |       |       |       |       |       |     7 ||     7
   Fire: Hand cannon       |       |       |       |       |       |       |       |   669 |   952 ||  1621
  Throw: Dart              |       |    16 |    24 |    41 |   115 |    81 |    56 |     2 |       ||   335
         Boomerang         |       |     3 |    31 |    28 |    24 |    14 |    16 |    31 |    45 ||   192
         Stone             |       |     1 |    25 |    55 |    18 |       |       |       |       ||    99
         Javelin           |       |       |       |     1 |     1 |       |     3 |    15 |    13 ||    33
         Throwing net      |       |       |       |       |       |     1 |       |       |     1 ||     2
   Cast: Manifold Assault  |       |       |       |       |       |       |       |     5 |   124 ||   129
         Passage of Golubr |       |       |       |       |       |       |       |       |    23 ||    23
         Animate Armour    |       |       |       |       |       |       |       |       |    26 ||    26
         Summon Forest     |       |       |       |       |       |       |       |       |    21 ||    21
         Call Canine Famil |       |       |       |       |       |       |       |       |     6 ||     6
         Dispersal         |       |       |       |       |       |       |       |       |     2 ||     2
         Gell's Gravitas   |       |       |       |       |       |       |       |       |     1 ||     1
         Summon Ice Beast  |       |       |       |       |       |       |       |       |    10 ||    10
         Martyr's Knell    |       |       |       |       |       |       |       |       |    16 ||    16
         Malign Gateway    |       |       |       |       |       |       |       |       |     4 ||     4
         Lesser Beckoning  |       |       |       |       |       |       |       |       |     1 ||     1
 Invoke: Bend Time         |       |       |       |     6 |     7 |     1 |     1 |       |     2 ||    17
         Temporal Distorti |       |       |       |     1 |     1 |       |       |       |     1 ||     3
         Slouch            |       |       |       |       |     3 |     4 |    19 |    18 |    13 ||    57
         Step From Time    |       |       |       |       |       |       |       |       |     2 ||     2
Ability: Hop               |     1 |     4 |     5 |    18 |    28 |     9 |    11 |    12 |    21 ||   109
  Evoke: Wand              |       |       |     1 |    20 |    13 |     5 |     9 |     6 |    12 ||    66
         Lightning rod     |       |       |       |       |     6 |       |     1 |     4 |       ||    11
         Box of beasts     |       |       |       |       |       |       |     1 |     1 |     2 ||     4
         Tin of tremorston |       |       |       |       |       |       |       |     2 |     3 ||     5
    Use: Scroll            |       |     9 |     1 |     8 |    16 |    13 |     1 |    11 |     9 ||    68
         Potion            |       |       |     3 |     5 |       |     3 |     2 |     2 |     4 ||    19
   Stab: Sleeping          |       |       |       |     1 |       |       |     1 |       |       ||     2
         Distracted        |       |       |       |       |     1 |       |       |       |     5 ||     6
         Invisible         |       |       |       |       |       |     1 |       |       |       ||     1
         Held in net/web   |       |       |       |       |       |     1 |       |       |       ||     1
 Armour: Scale mail        |   140 |   163 |   218 |       |       |       |       |       |       ||   521
         Swamp dragon scal |       |       |   109 |   526 |   193 |       |       |       |       ||   828
         Chain mail        |       |       |       |       |   519 |   753 |   525 |   338 |    14 ||  2149
         Skin              |       |       |       |       |       |    12 |       |       |    23 ||    35
         Plate armour      |       |       |       |       |       |       |       |       |   145 ||   145
         Storm dragon scal |       |       |       |       |       |       |       |       |   558 ||   558
  Dodge: Dodged            |    92 |    93 |   205 |   468 |   740 |  1061 |   562 |   359 |   677 ||  4257
  Block: Buckler           |    36 |    40 |   116 |   240 |   219 |       |       |       |       ||   651
         Kite shield       |       |       |       |       |   548 |  1285 |  1401 |  1513 |  2447 ||  7194
         Other             |       |       |       |       |       |    65 |     1 |       |       ||    66
         Reflection        |       |       |       |       |       |       |    43 |   127 |    59 ||   229
         Tower shield      |       |       |       |       |       |       |       |       |    93 ||    93

Table legend: (Time is in decaauts)
 A = Elapsed time spent in this place.
 B = Non-inter-level travel time spent in this place.
 C = Inter-level travel time spent in this place.
 D = Time resting spent in this place.
 E = Time spent auto-exploring this place.
 F = Levels seen in this place.
 G = Mean time per level.
                   A        B        C        D        E       F      G
               +--------+--------+--------+--------+--------+-----+--------+
         Total | 136004 | 114783 |  21221 |  12790 |  78668 |  58 | 2344.9 |
       Dungeon |  32318 |  24324 |   7994 |   3046 |  15777 |  15 | 2154.5 |
        Temple |     27 |     27 |      0 |     26 |      0 |   1 |   27.0 |
          Lair |  12715 |  10294 |   2421 |      8 |   9012 |   5 | 2543.0 |
        Shoals |  10523 |   9306 |   1217 |    783 |   6903 |   4 | 2630.8 |
   Spider Nest |   9041 |   8437 |    604 |    559 |   6363 |   4 | 2260.2 |
    Slime Pits |   7674 |   6255 |   1419 |    479 |   4708 |   5 | 1534.8 |
  Orcish Mines |   6437 |   5633 |    804 |   1727 |   2746 |   2 | 3218.5 |
   Elven Halls |   8787 |   7697 |   1090 |    522 |   5631 |   3 | 2929.0 |
        Vaults |  12142 |   9858 |   2284 |    221 |   8256 |   4 | 3035.5 |
         Crypt |   7079 |   6745 |    334 |    937 |   4487 |   3 | 2359.7 |
        Depths |  11336 |   9656 |   1680 |    503 |   6998 |   4 | 2834.0 |
           Zot |  15251 |  13883 |   1368 |   3576 |   6705 |   5 | 3050.2 |
         Sewer |    344 |    344 |      0 |      0 |    112 |   1 |  344.0 |
        Wizlab |    501 |    501 |      0 |     15 |    118 |   1 |  501.0 |
      Gauntlet |   1821 |   1821 |      0 |    386 |    846 |   1 | 1821.0 |
               +--------+--------+--------+--------+--------+-----+--------+

Top non-repeatable levels by time:
    D:11: 6044 daAuts
   Zot:5: 6003 daAuts
 Crypt:3: 3845 daAuts
Depths:4: 3690 daAuts
   Orc:2: 3643 daAuts
Vaults:2: 3609 daAuts
Shoals:4: 3573 daAuts
    D:13: 3427 daAuts
Vaults:3: 3235 daAuts
  Lair:1: 3137 daAuts
Spider:1: 3084 daAuts
   Elf:1: 3054 daAuts
    D:12: 3031 daAuts
Depths:1: 2993 daAuts
   Zot:2: 2905 daAuts
